 Dungeon Crawl Stone Soup version 0.20-a0-700-gbd4582c (webtiles) character file.

9741 polly the Blocker (level 11, -2/67 HPs)
             Began as a Gargoyle Fighter on Feb 20, 2017.
             Was a High Priest of Okawaru.
             Slain by asalami's ghost (14 damage)
             ... on level 11 of the Dungeon.
             The game lasted 00:16:45 (9772 turns).

polly the Blocker (Gargoyle Fighter)                Turns: 9772, Time: 00:16:46

Health: -2/67      AC: 25    Str: 26    XL:     11   Next: 51%
Magic:  11/11      EV:  9    Int:  9    God:    Okawaru [*****.]
Gold:   611        SH: 13    Dex: 14    Spells: 10/10 levels left

rFire    . . .     SeeInvis .   I - +0 whip (flame)
rCold    . . .     Gourm    .   j - +0 plate armour
rNeg     + . .     Faith    .   c - +0 shield
rPois    ∞         Spirit   .   F - +1 helmet
rElec    +         Reflect  .   (no cloak)
rCorr    .         Harm     .   (no gloves)
MR       .....                  o - +1 pair of boots
Stlth    ..........             (no amulet)
Regen    0.3/turn               s - +3 ring of dexterity
MPRegen  0.2/turn               t - +1 ring of evasion

@: mighty
A: negative energy resistance 1, electricity resistance, unbreathing,
petrification resistance, rot immunity, AC +7
a: Heroism, Finesse, Renounce Religion


You were on level 11 of the Dungeon.
You worshipped Okawaru.
Okawaru was extremely pleased with you.
You were not hungry.

You visited 1 branch of the dungeon, and saw 11 of its levels.
You also visited: Ossuary.

You collected 611 gold pieces.

Inventory:

Hand Weapons
 I - a +0 whip of flaming (weapon)
Armour
 c - a +0 shield (worn)
 j - a +0 plate armour (worn)
 o - a +1 pair of boots (worn)
 F - a +1 helmet (worn)
Jewellery
 s - a +3 ring of dexterity (right hand)
 t - a +1 ring of evasion (left hand)
 K - an uncursed ring of protection from cold
Wands
 n - a wand of random effects (20/48)
 A - a wand of digging (9/24)
 J - a wand of random effects (26/48)
 R - a wand of flame (27/48)
 S - a wand of lightning (8/15)
 V - a wand of lightning (6/15)
Scrolls
 a - 3 scrolls of recharging {unknown}
 h - 11 scrolls of identify {unknown}
 k - 4 scrolls of teleportation {unknown}
 m - 3 scrolls of amnesia {unknown}
 u - 8 scrolls of enchant armour {unknown}
 y - 3 scrolls of remove curse {unknown}
 C - 3 scrolls of enchant weapon {unknown}
 G - a scroll of fear {unknown}
 H - 4 scrolls of immolation {unknown}
 L - a scroll of fog {unknown}
 O - 4 scrolls of blinking {unknown}
 Q - a scroll of summoning {unknown}
 U - a scroll of magic mapping {unknown}
Potions
 d - 4 potions of might
 e - 5 potions of flight {unknown}
 g - 2 potions of curing
 i - 2 potions of berserk rage {unknown}
 p - 2 potions of agility {unknown}
 q - 2 potions of lignification
 r - 3 potions of mutation {unknown}
 v - a potion of cancellation {unknown}
 w - a potion of haste {unknown}
 x - a potion of magic {unknown}
 z - 2 potions of brilliance {unknown}
 D - 3 potions of heal wounds {unknown}
 M - a potion of degeneration {unknown}
 N - a potion of invisibility {unknown}
 T - 2 potions of resistance {unknown}
Books
 B - a book of Geomancy

   Spells                             Type                      Level
   a - Sandblast                      Earth                        1
   b - Passwall                       Transmutation/Earth          2
   c - Stone Arrow                    Conjuration/Earth            3
   d - Petrify                        Transmutation/Earth          4
   e - Lee's Rapid Deconstruction     Earth                        5
 P - a book of Necromancy

   Spells                             Type                      Level
   a - Pain                           Necromancy                   1
   b - Animate Skeleton               Necromancy                   1
   c - Vampiric Draining              Necromancy                   3
   d - Regeneration                   Charms/Necromancy            3
   e - Animate Dead                   Necromancy                   4
   f - Control Undead                 Necromancy                   4
Comestibles
 b - 7 meat rations
 f - 7 bread rations
 l - 3 royal jellies
 E - 3 fruits


   Skills:
 + Level 7.5 Fighting
 + Level 10.9 Maces & Flails
 + Level 8.3 Armour
 + Level 2.2 Dodging
 + Level 0.8 Stealth
 + Level 11.5 Shields


You had 10 spell levels left.
You didn't know any spells.

Dungeon Overview and Level Annotations

Branches:
Dungeon (11/15)            Temple (0/1) D:6            Lair (0/6) D:9
    Orc (0/2) D:10

Altars:
Ashenzari
Dithmenos
Gozag
Hepliaklqana
Nemelex Xobeh
Okawaru
Sif Muna
Trog
Zin

Shops:
D:7 }

Annotations:
D:7 1 runed door
D:11 asalami's ghost, journeyman MiFi


Innate Abilities, Weirdness & Mutations

You are resistant to torment.
Your stone body is resilient. (AC +7)
You are immune to poison.
You resist negative energy. (rN+)
You are resistant to electric shocks. (rElec)
You can survive without breathing.
You are immune to petrification.
You are immune to rotting.


Message History

Asalami's ghost hits you!
* * * LOW HITPOINT WARNING * * *
You are too injured to fight recklessly!
You are too injured to fight recklessly!
You feel very mighty all of a sudden.
The crimson imp laughs crazily.
You block asalami's ghost's attack.
You feel better. Asalami's ghost hits you!
* * * LOW HITPOINT WARNING * * *
Your shield and plate armour prevent you from hitting asalami's ghost.
Asalami's ghost is heavily damaged.
You whack asalami's ghost! You burn asalami's ghost.
Asalami's ghost is heavily damaged.
You block asalami's ghost's attack.
You whack asalami's ghost!
Asalami's ghost is severely damaged.
You hit asalami's ghost.
Asalami's ghost is severely damaged.
Asalami's ghost hits you!
You die...

####........#
#....|......#
#.###########
#.# #.# ###
#.# .... #.#
.....
#.####{.....
#...@Wo5....
######o.....
#####


You could see an orc warrior, asalami's ghost, a crimson imp and an orc.

Vanquished Creatures
  A two-headed ogre (D:8)
  An unseen horror (D:10)
  Pikel (D:7)
  A manticore (D:9)
  2 centaur skeletons (D:10)
  A komodo dragon (D:9)
  A troll (D:9)
  Prince Ribbit (D:7)
  4 hippogriffs
  3 yaks (D:11)
  The ghost of christhawk the Chopper, an amateur DsMo (D:4)
  A steam dragon (D:9)
  3 vampire mosquitoes (D:11)
  Edmund (D:4)
  Duvessa (D:7)
  A water moccasin (D:6)
  2 phantoms
  A black bear (D:6)
  A slave (D:7)
  7 sky beasts
  2 orc warriors
  An ice beast (D:9)
  5 ogres
  2 centaurs
  A crocodile (D:9)
  3 bullfrogs
  Dowan (D:7)
  9 scorpions
  9 killer bees
  A howler monkey (D:11)
  An electric eel (D:10)
  2 crimson imps
  A bullfrog zombie (D:7)
  A centaur zombie (Ossuary)
  6 hounds
  8 orc priests
  4 jellies
  Terence (D:2)
  An iguana (D:6)
  7 orc wizards
  11 worker ants
  2 big kobold zombies (Ossuary)
  A hound skeleton (D:4)
  3 mummies (Ossuary)
  A worker ant zombie (D:9)
  3 gnolls (D:2)
  5 scorpion zombies (Ossuary)
  6 adders
  A shadow imp (D:6)
  An adder skeleton (D:4)
  3 worms
  2 dart slugs (D:2)
  4 leopard geckos
  37 orcs
  A bat (D:2)
  13 giant cockroaches
  10 goblins
  8 hobgoblins
  9 jackals
  5 quokkas
  A frilled lizard (D:3)
  2 gnoll zombies (Ossuary)
  A goblin zombie (Ossuary)
  A jackal zombie (D:6)
  5 kobolds
  3 kobold zombies (Ossuary)
  A leopard gecko zombie (D:5)
  4 orc zombies (Ossuary)
  A quokka skeleton (D:6)
  A quokka zombie (D:6)
  4 rats
  A butterfly (D:7)
252 creatures vanquished.

Vanquished Creatures (others)
  An orc wizard (D:7)
  3 orcs (D:7)
  A plant (D:9)
5 creatures vanquished.

Grand Total: 257 creatures vanquished

Notes
Turn   | Place    | Note
-------+----------+-------------------------------------------
     0 | D:1      | polly the Gargoyle Fighter began the quest for the Orb.
     0 | D:1      | Reached XP level 1. HP: 14/14 MP: 1/1
   460 | D:1      | Reached XP level 2. HP: 18/19 MP: 2/2
   676 | D:2      | Reached XP level 3. HP: 24/24 MP: 3/3
   838 | D:2      | Noticed Terence
   853 | D:2      | Killed Terence
   853 | D:2      | Reached XP level 4. HP: 25/29 MP: 4/4
   874 | D:2      | Reached skill level 4 in Shields
  1389 | D:2      | Found a deep blue altar of Sif Muna.
  1559 | D:3      | Found a bloodstained altar of Trog.
  1657 | D:3      | Found a glowing silver altar of Zin.
  1675 | D:3      | Found an opulent altar of Gozag.
  1764 | D:3      | Reached XP level 5. HP: 33/33 MP: 5/5
  1821 | D:3      | Noticed a sky beast
  1846 | D:3      | Killed a sky beast
  1933 | D:3      | Reached XP level 6. HP: 27/38 MP: 6/6
  1953 | D:3      | Found an iron altar of Okawaru.
  1978 | D:3      | Became a worshipper of Warmaster Okawaru
  2121 | D:4      | Noticed Edmund
  2164 | D:4      | Killed Edmund
  2164 | D:4      | Reached skill level 5 in Shields
  2252 | D:4      | Reached XP level 7. HP: 29/44 MP: 7/7
  2329 | D:4      | Reached * piety under Okawaru
  2511 | D:4      | Reached skill level 5 in Maces & Flails
  2668 | D:4      | Noticed christhawk's ghost (amateur DsMo)
  2683 | D:4      | Killed christhawk's ghost
  2683 | D:4      | Reached skill level 1 in Dodging
  2722 | D:5      | Entered Level 5 of the Dungeon
  2778 | D:5      | Reached XP level 8. HP: 48/48 MP: 8/8
  2905 | D:5      | Reached skill level 5 in Fighting
  2957 | D:5      | Reached skill level 6 in Shields
  3289 | D:5      | Reached skill level 5 in Armour
  3372 | D:6      | Found a staircase to the Ecumenical Temple.
  3450 | D:6      | Found a shadowy altar of Dithmenos.
  3456 | D:6      | Reached ** piety under Okawaru
  3864 | D:6      | Reached skill level 7 in Shields
  4097 | D:7      | Found Popsouho's Gadget Shoppe.
  4117 | D:7      | Reached XP level 9. HP: 51/54 MP: 9/9
  4390 | D:7      | Found a runed door.
  4541 | D:7      | Found a runed door.
  4648 | D:7      | Noticed Duvessa
  4659 | D:7      | Killed Duvessa
  4659 | D:7      | Reached *** piety under Okawaru
  4708 | D:7      | Reached skill level 8 in Shields
  4714 | D:7      | Noticed Prince Ribbit
  4736 | D:7      | Killed Prince Ribbit
  4771 | D:7      | Noticed Pikel
  4800 | D:7      | Killed Pikel
  4967 | D:7      | Noticed Dowan
  4980 | D:7      | Killed Dowan
  4980 | D:7      | Reached XP level 10. HP: 58/60 MP: 10/10
  5355 | D:8      | Noticed a two-headed ogre
  5388 | D:8      | Killed a two-headed ogre
  5388 | D:8      | Reached **** piety under Okawaru
  5388 | D:8      | Reached skill level 9 in Shields
  5473 | D:8      | Found a sand-covered staircase.
  5492 | Ossuary  | Entered an ossuary
  6745 | D:8      | Reached skill level 10 in Maces & Flails
  6772 | D:8      | Reached skill level 10 in Shields
  6975 | D:9      | Found a shattered altar of Ashenzari.
  7003 | D:9      | Found a hazy altar of Hepliaklqana.
  7323 | D:9      | Found a staircase to the Lair.
  7370 | D:9      | Reached ***** piety under Okawaru
  7421 | D:9      | Found a sparkling altar of Nemelex Xobeh.
  7499 | D:9      | Reached XP level 11. HP: 29/66 MP: 11/11
  7526 | D:9      | Noticed a manticore
  7548 | D:9      | Killed a manticore
  8024 | D:10     | Entered Level 10 of the Dungeon
  8084 | D:10     | Reached skill level 11 in Shields
  8363 | D:10     | Killed an unseen horror
  8363 | D:10     | Received a gift from Okawaru
  8609 | D:10     | Found a staircase to the Orcish Mines.
  9227 | D:11     | Found a shattered altar of Ashenzari.
  9697 | D:11     | Noticed asalami's ghost (journeyman MiFi)
  9772 | D:11     | Slain by asalami's ghost

Vault maps used:
D:1:      lightli_arrival_quake
D:2:      led_sif_pool, first_bread, uniq_terence
D:3:      overflow_temple_1_default, overflow_temple_1_default,
          old_standard_altar, zin_scriptorium
D:4:      st_stairs_14, corexii_item_surrounded_by_moat, grunt_decor_clamped,
          grunt_ministairs_13, uniq_edmund
D:5:      patterned_corridor
D:6:      lemuel_crystal_altar, minmay_temple_entry_trees
D:7:      lemuel_insect_pit, serial_shops, shop_fountains, uniq_prince_ribbit1,
          uniq_pikel, uniq_duvessa
D:8:      enter_ossuary_5, grunt_ogre_cave
D:9:      lemuel_round_altar, evilmike_ruin_ashenzari, david_lair_shrubbed,
          basic_altar, kennysheep_generic_room_15
D:10:     david_orc_2, kennysheep_generic_room_4
D:11:     basic_altar
Ossuary:  ossuary_minmay_scorpions

Skill      XL: |  1  2  3  4  5  6  7  8  9 10 11 |
---------------+----------------------------------+-----
Armour         | 4 5 6 7 8 |  8.3
Shields        | 4 5 7 8 10 11 | 11.5
Fighting       | 4 5 6 7 |  7.5
Maces & Flails | 3 4 6 7 9 10 | 10.9
Dodging        | 1 2 |  2.2
Stealth        | |  0.8

Action                   |  1- 3 |  4- 6 |  7- 9 | 10-12 || total
-------------------------+-------+-------+-------+-------++-------
Melee: Flail             |    83 |   243 |   453 |       ||   779
       Whip              |       |       |    20 |  1125 ||  1145
  Use: Potion            |       |       |       |     6 ||     6
  Eat: Chunk             |       |     5 |     9 |    11 ||    25
       Royal jelly       |       |       |       |     1 ||     1
       Bread ration      |       |       |       |     1 ||     1
Armor: Plate armour      |    43 |   231 |   345 |   507 ||  1126
       Scale mail        |     4 |       |       |       ||     4
       Skin              |       |       |       |    33 ||    33
Dodge: Dodged            |     5 |    38 |   101 |   175 ||   319
Block: Shield            |    40 |   143 |   292 |   468 ||   943
